 Dungeon Crawl Stone Soup version 0.18-a0-739-gdae9da8 (webtiles) character file.

478 4thArraOfDagon the Covert (level 6, -10/26 HPs)
             Began as a Felid Fighter on Dec 10, 2015.
             Was a Follower of Cheibriados.
             Mangled by Erolcha
             ... wielding a +0 giant club
              (25 damage)
             ... on level 8 of the Dungeon.
             The game lasted 00:10:16 (1466 turns).

4thArraOfDagon the Covert (Felid Fighter)           Turns: 1466, Time: 00:10:17

Health: -10/26     AC:  2    Str: 15    XL:     6   Next: 86%
Magic:  8/8        EV: 22    Int: 15    God:    Cheibriados [*.....]
Gold:   143        SH:  0    Dex: 18    Spells: 0 memorised, 5 levels left
                                        Lives:  0   Deaths: 2

rFire  + + +     SeeInvis +       - Unarmed
rCold  + + .     Clarity  .     (armour unavailable)
rNeg   . . .     SustAt   .     (shield unavailable)
rPois  +         Gourm    .     (helmet unavailable)
rElec  +         Spirit   .     (cloak unavailable)
rCorr  +         Dismiss  .     (gloves unavailable)
rMut   .         Stasis   .     (boots unavailable)
MR     .....                    i - amulet of rage
Stlth  +++++.....               (no ring)
                                l - ring of protection from cold

@: lethally poisoned (-10 -> -22), resistant, very slightly contaminated,
hasted, very quick, not resistant to hostile enchantments, quite stealthy
A: no armour, no weapons or thrown items, claws 1, fangs 3, see invisible,
carnivore 3, fire resistance 2, speed 1, frail 1, sense surroundings 1, shaggy
fur 2, slow metabolism 1, sharp paws
a: Bend Time, Renounce Religion, Evoke Berserk Rage


You were on level 8 of the Dungeon.
You worshipped Cheibriados.
Cheibriados was aware of your devotion.
You were not hungry.

You visited 1 branch of the dungeon, and saw 8 of its levels.

You collected 143 gold pieces.

Inventory:

Jewellery
 g - an uncursed ring of ice
 i - an amulet of rage (around neck)
 l - a ring of protection from cold (left paw)
Wands
 q - a wand of draining (0)
 s - a wand of magic darts (15)
Scrolls
 d - a scroll of random uselessness {unknown}
 e - a scroll of remove curse {unknown}
 f - a scroll of fear {unknown}
 h - 2 scrolls of amnesia {unknown}
 j - a scroll of identify {unknown}
 k - a scroll of fog {unknown}
 n - a scroll of enchant armour {unknown}
 o - 2 scrolls of immolation {unknown}
Comestibles
 a - a royal jelly
 b - a meat ration


   Skills:
 + Level 4.3 Fighting
 + Level 6.3 Dodging
 * Level 8.7 Stealth
 * Level 6.2 Unarmed Combat
 + Level 2.6 Invocations
 - Level 2.3 Evocations


You had 5 spell levels left.
You didn't know any spells.

Dungeon Overview and Level Annotations

Branches:
Dungeon (8/15)
 Temple: D:4-7         Lair: D:8-11

Altars:
Cheibriados
Kikubaaqudgha
Okawaru
Xom
The Shining One

Annotations:
D:4 Robin
D:6 Blork the orc
D:8 Erica, Erolcha


Innate Abilities, Weirdness & Mutations

You cannot wear armour.
You are incapable of wielding weapons or throwing items.
You have sharp claws.
You have razor-sharp teeth.
You have supernaturally acute eyesight.
You are carnivorous and can eat meat at any time.
You cover ground quickly.
You are covered in thick fur (AC +2).
You have a slow metabolism.
Your sharp claws are effective at attacking unaware monsters.
Your flesh is very heat resistant.
You are frail (-10% HP).
You passively map a small area around you.


Message History

Drink which item? (? for menu, Esc to quit)
It was a potion of haste.
You feel yourself speed up.
Cheibriados forgives your accidental hurry, just this once.
You feel sick. Erolcha closely misses you.
You are very lightly contaminated with residual magic.
Unknown command.
Drink which item? (? for menu, Esc to quit)
It was a potion of resistance.
You feel protected.
You feel sick. Erolcha hits you with a giant club!
Unknown command.
You barely miss Erolcha. Your bite misses Erolcha.
Unknown command.
You scratch Erolcha but do no damage.
Unknown command.
You miss Erolcha.
You feel less confused.
You feel sick. Erolcha hits you with a giant club!!
Ouch! That really hurt!
You die...

#..#.%..%.###
,
#..##..P.....
,
##'##....%.###
#...##.....#
#.)..'....##
#....'....#
#...##....#
##'##.....#
#.@##.P%.#
#O!#.%..%#
#####....#
#####


You could see Erolcha.

Vanquished Creatures
  Sigmund (D:2)
  Duvessa (D:5)
  A sky beast (D:6)
  A centaur (D:7)
  An ogre (D:7)
  A big kobold (D:8)
  2 scorpions
  Dowan (D:5)
  2 vampire bats (D:4)
  3 crimson imps
  2 orc priests
  A jelly (D:6)
  A centaur skeleton (D:4)
  Jessica (D:2)
  3 worker ants
  3 adders
  A gnoll (D:5)
  A worker ant zombie (D:5)
  2 river rats (D:5)
  An ooze (D:2)
  A worm (D:3)
  An adder skeleton (D:8)
  A giant gecko (D:3)
  5 orcs (D:5)
  5 bats
  3 bat skeletons (D:4)
  2 bat zombies (D:4)
  5 goblins
  7 hobgoblins
  4 jackals (D:6)
  A giant cockroach (D:2)
  2 giant gecko skeletons
  2 giant newts
  2 rats
71 creatures vanquished.

Vanquished Creatures (others)
  A plant (D:5)
1 creature vanquished.

Grand Total: 72 creatures vanquished

Notes
Turn   | Place    | Note
--------------------------------------------------------------
     0 | D:1      | 4thArraOfDagon the Felid Fighter began the quest for the Orb.
     0 | D:1      | Reached XP level 1. HP: 10/10 MP: 2/2
    61 | D:3      | Reached skill level 1 in Stealth
    93 | D:3      | Reached XP level 2. HP: 8/14 MP: 3/3
   263 | D:3      | Found a glowing golden altar of the Shining One.
   418 | D:4      | Noticed Robin
   480 | D:4      | Noticed a scorpion
   493 | D:4      | Killed a scorpion
   493 | D:4      | Reached skill level 1 in Evocations
   493 | D:4      | Reached XP level 3. HP: 17/17 MP: 3/5
   493 | D:4      | Reached XP level 4. HP: 21/21 MP: 3/6
   545 | D:5      | Entered Level 5 of the Dungeon
   553 | D:5      | Found a snail-covered altar of Cheibriados.
   557 | D:5      | Became a worshipper of Cheibriados the Contemplative
   558 | D:5      | meh
   563 | D:5      | Reached skill level 5 in Stealth
   574 | D:5      | Found an iron altar of Okawaru.
   575 | D:5      | meh
   649 | D:4      | Found an ancient bone altar of Kikubaaqudgha.
   653 | D:4      | Reached XP level 5. HP: 20/24 MP: 7/7
   782 | D:2      | Reached * piety under Cheibriados
   794 | D:2      | Noticed Jessica
   801 | D:2      | Killed Jessica
   813 | D:2      | Noticed Sigmund
   823 | D:2      | Killed Sigmund
   823 | D:2      | Reached skill level 6 in Stealth
   823 | D:2      | Reached skill level 1 in Invocations
   823 | D:2      | Gained mutation: You are covered in thick fur (AC +2). [Felid growth]
   823 | D:2      | Reached XP level 6. HP: 17/28 MP: 8/8
   900 | D:4      | Found a shimmering altar of Xom.
   935 | D:5      | Noticed Duvessa
   935 | D:5      | Noticed Dowan
   936 | D:5      | Killed Dowan
   936 | D:5      | Reached skill level 5 in Dodging
   936 | D:5      | Reached skill level 5 in Unarmed Combat
   937 | D:5      | Was placed under penance by Cheibriados
   944 | D:5      | Killed Duvessa
   944 | D:5      | Reached skill level 7 in Stealth
   944 | D:5      | Reached XP level 7. HP: 27/31 MP: 9/9
   946 | D:5      | Was forgiven by Cheibriados
   954 | D:5      | zerkcounterstrike
   991 | D:6      | Was placed under penance by Cheibriados
  1006 | D:6      | Gained mutation: You are frail (-10% HP). [mutagenic meat]
  1007 | D:6      | Gained mutation: Your flesh is heat resistant. [mutagenic meat]
  1008 | D:6      | Gained mutation: You passively map a small area around you. [mutagenic meat]
  1037 | D:6      | Gained mutation: Your flesh is very heat resistant. [potion of beneficial mutation]
  1083 | D:5      | Was forgiven by Cheibriados
  1170 | D:5      | Slain by an ice beast
  1171 | D:5      | Reached XP level 6. HP: -1/25 MP: 8/8
  1218 | D:6      | Noticed Blork the orc
  1237 | D:6      | Reached skill level 8 in Stealth
  1282 | D:7      | Reached XP level 7. HP: 25/28 MP: 9/9
  1429 | D:8      | Noticed Erica
  1435 | D:8      | Killed from afar by Erica
  1436 | D:8      | Reached XP level 6. HP: -6/25 MP: 8/8
  1455 | D:8      | Noticed Erolcha
  1466 | D:8      | Mangled by Erolcha

Vault maps used:
D:1:      lemuel_arrival_hallway
D:2:      vehumet_crystals, uniq_sigmund, uniq_jessica
D:3:      old_standard_altar, first_bread
D:4:      lemuel_doored_altar, kennysheep_vampire_church, minmay_goblin_outpost,
          uniq_robin
D:5:      wad_woods_settlement, amethyst_overflow_temple_binary,
          lemuel_flamethrower_1, uniq_crazy_yiuf_cottage, uniq_duvessa,
          uniq_edmund
D:6:      minmay_temple_entry_purple_smoke, grunt_decor_clamped,
          kennysheep_generic_room_15, uniq_blork_the_orc
D:7:      johnstein_pakellas_dig
D:8:      blue_anna_alchemist, nicolae_ashenzari_panopticon, uniq_maurice,
          uniq_erica, uniq_erolcha

Action                   |  1- 3 |  4- 6 |  7- 9 || total
-------------------------+-------+-------+-------++-------
Melee: Unarmed           |    36 |   113 |    57 ||   206
 Abil: Evoke Berserk Rag |     1 |     1 |     1 ||     3
Evoke: Wand              |       |       |     1 ||     1
  Use: Potion            |       |     6 |     4 ||    10
 Stab: Sleeping          |     4 |     9 |     7 ||    20
       Distracted        |       |     3 |       ||     3
  Eat: Chunk             |     4 |     7 |     5 ||    16
